 Dungeon Crawl Stone Soup version 0.23-a0-49-gd9f7a49 (webtiles) character file.

156 galech the Covered (level 5, -7/47 HPs)
             Began as a Minotaur Fighter on Aug 7, 2018.
             Splashed by Ijyb's acid (12 damage)
             ... on level 3 of the Dungeon.
             The game lasted 00:04:15 (1832 turns).

galech the Covered (Minotaur Fighter)               Turns: 1832, Time: 00:04:15

Health: -7/47      AC:  6    Str: 20    XL:     5   Next: 14%
Magic:  4/4        EV:  8    Int:  5    God:
Gold:   174        SH:  9    Dex: 11    Spells: 4/4 levels left

rFire    . . .     SeeInvis .   a - +0 war axe
rCold    . . .     Gourm    .   c - +0 shield
rNeg     . . .     Faith    .   b - +0 scale mail
rPois    .         Spirit   .   (helmet restricted)
rElec    .         Reflect  .   s - +2 cloak
rCorr    .         Harm     .   (no gloves)
MR       .....                  (no boots)
Stlth    ..........             (no amulet)
HPRegen  0.15/turn              (no ring)
MPRegen  0.09/turn              (no ring)

@: corroded
A: retaliatory headbutt, horns 2
a: no special abilities


You were on level 3 of the Dungeon.
You were very hungry.

You visited 1 branch of the dungeon, and saw 3 of its levels.

You collected 174 gold pieces.

Inventory:

Hand Weapons
 a - a +0 war axe (weapon)
Armour
 b - a +0 scale mail (worn)
 c - a +0 shield (worn)
 s - a +2 cloak (worn)
Wands
 v - a wand of paralysis (9)
Scrolls
 h - 2 scrolls of blinking
 k - 5 scrolls of teleportation
 l - 3 scrolls of enchant armour
 t - 2 scrolls of fear {unknown}
 u - a scroll of amnesia
Potions
 d - a potion of might
 e - 3 potions of curing {unknown}
 j - 2 potions of degeneration {unknown}
 m - a potion of berserk rage {unknown}
 n - a potion of haste
 p - a potion of brilliance {unknown}
 q - 2 potions of lignification {unknown}
 r - a potion of agility {unknown}
Comestibles
 f - 6 rations


   Skills:
 + Level 4.3 Fighting
 + Level 4.2 Axes
 + Level 4.6 Armour
 + Level 0.9 Dodging
 + Level 0.1 Stealth
 + Level 4.4 Shields


You had 4 spell levels left.
You didn't know any spells.
Your spell library was empty.

Dungeon Overview and Level Annotations

Branches:
Dungeon (3/15)

Altars:
Qazlal
Vehumet
Zin

Annotations:
D:3 1 runed door, Ijyb


Innate Abilities, Weirdness & Mutations

You reflexively headbutt those who attack you in melee.
You have a pair of horns on your head.


Message History

Your shield prevents you from hitting the goblin.
You slash the goblin!
You kill the goblin!
The goblin wields a hunting sling.
The goblin shoots a stone.
You block the stone.
Ijyb zaps a wand.
The bolt of acid hits you! The acid corrodes you!
You are splashed with acid!
The acid burns!
It is a wand of acid (8).
The goblin barely misses you.
You are too injured to fight recklessly!
Unknown command.
You are too injured to fight recklessly!
You block the goblin's attack.
You barely miss Ijyb.
Your shield prevents you from hitting the goblin.
You hit the goblin but do no damage. Ijyb barely misses you.
The goblin unwields an uncursed hunting sling.
You block the goblin's attack. The goblin hits you but does no damage.
Ijyb zaps a wand.
The bolt of acid hits you!
* * * LOW HITPOINT WARNING * * *
You are splashed with acid!
The acid burns!
You die...

#.# .##.##### #.# #.. #
........# #.# ### .
.......# #.# #.. #
#########.....# #.# #.#
#.8.8.8.8.....# #.# #.#
#.............# #.# #.#
#?.....)......# #.# #.#
#...%.g@..$...####.###.#
####
#[....g)g..............#
....
#..........##########..#
### #.8.8.8.8..#
########... ....
############ #.........#
#### #.######### ######


You could see Ijyb and 2 goblins.

Vanquished Creatures
  An orc priest (D:3)
  An orc wizard (D:3)
  3 adders
  An ooze (D:1)
  3 worms
  3 dart slugs
  4 orcs (D:3)
  A giant cockroach (D:2)
  12 goblins
  5 hobgoblins
  3 kobolds
  4 bats
  3 frilled lizards (D:1)
  8 rats
52 creatures vanquished.

Notes
Turn   | Place    | Note
-------+----------+-------------------------------------------
     0 | D:1      | galech the Minotaur Fighter began the quest for the Orb.
     0 | D:1      | Reached XP level 1. HP: 19/19 MP: 0/0
    87 | D:1      | Reached XP level 2. HP: 27/27 MP: 1/1
   645 | D:2      | Found a stormy altar of Qazlal.
   647 | D:2      | Noticed an earth elemental
   648 | D:2      | Noticed a fire elemental
   648 | D:2      | Noticed a water elemental
   648 | D:2      | Noticed an air elemental
   687 | D:2      | Reached XP level 3. HP: 33/33 MP: 2/2
  1280 | D:3      | Reached XP level 4. HP: 36/40 MP: 3/3
  1338 | D:3      | Reached XP level 5. HP: 8/47 MP: 4/4
  1339 | D:3      | Found a glowing silver altar of Zin.
  1600 | D:3      | Noticed an angel
  1601 | D:3      | Found a runed door.
  1738 | D:3      | Found a radiant altar of Vehumet.
  1827 | D:3      | Noticed Ijyb
  1832 | D:3      | Splashed by Ijyb's acid

Vault maps used:
D:1:      lemuel_arrival_funnel
D:2:      nicolae_qazlal_style_of_elements
D:3:      kennysheep_the_goblin_king, lemuel_round_altar,
          nicolae_overflow_crystal_walls, lemuel_angel_altar

Skill      XL: |  1  2  3  4 |
---------------+-------------+-----
Shields        | 4 |  4.4
Armour         | 4 |  4.6
Fighting       | 4 |  4.3
Axes           | 3 4 |  4.2
Dodging        | |  0.9
Stealth        | |  0.1

Action                   |  1- 3 |  4- 6 || total
-------------------------+-------+-------++-------
Melee: War axe           |    83 |    33 ||   116
       Headbutt          |     8 |     2 ||    10
  Use: Scroll            |       |     6 ||     6
  Eat: Chunk             |     1 |     1 ||     2
Armor: Scale mail        |    40 |    11 ||    51
Dodge: Dodged            |    22 |    13 ||    35
Block: Shield            |    50 |    19 ||    69

Table legend:
 A = Spawn XP
 B = Non-spawn XP
 C = Spawn XP percentage of total XP
 D = Spawn monster count
 E = Non-spawn monster count
 F = Spawn count percentage of total count
 G = Total turns spent on level
                    A         B        C        D         E        F      G
               +---------+---------+-------+---------+---------+-------+---------
         Total |       0 |     223 |   0.0 |       0 |      52 |   0.0 |  1832
               +---------+---------+-------+---------+---------+-------+---------
           D:1 |       0 |      35 |   0.0 |       0 |      18 |   0.0 |   584
           D:2 |       0 |      40 |   0.0 |       0 |      14 |   0.0 |   644
           D:3 |       0 |     148 |   0.0 |       0 |      20 |   0.0 |   604
               +---------+---------+-------+---------+---------+-------+---------
